 Dungeon Crawl Stone Soup version 0.24-a0-653-g3936067ed8 (webtiles) character file.

Game seed: 10048422687918170945, levelgen mode: deterministic

0 Gargoyl the Skirmisher (level 1, 0/19 HPs)
             Began as a Centaur Abyssal Knight on Sept 27, 2019.
             Was a Follower of Lugonu.
             Slain by an ufetubus (2 damage)
             ... on level 2 of the Abyss.
             The game lasted 00:01:04 (227 turns).

Gargoyl the Skirmisher (Centaur Abyssal Knight)      Turns: 227, Time: 00:01:06

Health: 0/19       AC:  4    Str: 14    XL:     1   Next: 0%
Magic:  2/2        EV:  9    Int: 11    God:    Lugonu [*.....]
Gold:   9          SH:  0    Dex:  8    Spells: 0/0 levels left

rFire    + . .     SeeInvis .   a - +1 hand axe
rCold    + . .     Gourm    .   (no shield)
rNeg     . . .     Faith    .   b - +0 leather armour
rPois    +         Spirit   .   (no helmet)
rElec    +         Reflect  .   (no cloak)
rCorr    +         Harm     .   (no gloves)
MR       .....                  (no barding)
Stlth    ..........             (no amulet)
HPRegen  0.06/turn              (no ring)
MPRegen  0.08/turn              (no ring)

@: resistant, very quick
A: large, hooves 3, deformed body, speed 2, tough skin 3, [subdued magic 2]
a: Depart the Abyss, Renounce Religion


You were on level 2 of the Abyss.
You worshipped Lugonu.
Lugonu was aware of your devotion.
You were not hungry.

You visited 0 branches of the dungeon, and saw 0 of its levels.
You visited the Abyss 1 time.

You collected 9 gold pieces.

Inventory:

Hand Weapons
 a - a +1 hand axe (weapon)
Armour
 b - a +0 leather armour (worn)
 d - a +0 scale mail
Potions
 e - a potion of resistance
Comestibles
 c - 3 rations


   Skills:
 + Level 3.0 Fighting
 + Level 1.7 Axes
 + Level 1.3 Armour
 + Level 0.6 Dodging
 + Level 2.0 Invocations


You couldn't memorise any spells.
You didn't know any spells.
Your spell library was empty.

Dungeon Overview and Level Annotations

Branches:
Dungeon (0/15)

Altars:


Innate Abilities, Weirdness & Mutations

You have hooves in place of feet.
Armour fits poorly on your strangely shaped body.
You cover ground very quickly.
You have extremely tough skin. (AC +3)
[Your spells are easier to cast, but less powerful.]


Message History

You see here a cyan potion.
e - a cyan potion The ufetubus barely misses you.
The ufetubus closely misses you. The ufetubus barely misses you. x2
It was a potion of resistance.
You feel protected. The ufetubus closely misses you.
The ufetubus barely misses you.
Found 12 bolts.
A small abomination comes into view.
The ufetubus hits you but does no damage. x2
Found a potion of resistance.
You see here 12 bolts.
You see here a potion of resistance.
e - a potion of resistance The ufetubus closely misses you.
The ufetubus hits you.
* * * LOW HITPOINT WARNING * * *
A neqoxec comes into view.
The ufetubus hits you but does no damage.
The ufetubus hits you.
You die...

.#..#..# .. x# .
#.. # .#.. ...#
#.. #.#. # #.#...
...##. ..3
...#.#.# ##.#.. ..
#.. .. #.#...# .##
.#.
..#...#..###..##
##
..........#......#
#.#...x.#####.5@#
....## #..#.....##
. .# #..#.x#.#.#
#.. ###(..#.#.# #
# #..#.###.. .
#.#. .# ..# .
##.##.. #.. #.
.... ... .. #.# #


You could see a neqoxec (wandering), a small abomination and an ufetubus.

Vanquished Creatures (others)
  A lurking horror (Abyss:2)
1 creature vanquished.

Notes
Turn   | Place    | Note
-------+----------+-------------------------------------------
     0 | Abyss:1  | Gargoyl the Centaur Abyssal Knight began the quest for the
                  | Orb.
     0 | Abyss:1  | Reached XP level 1. HP: 19/19 MP: 2/2
    58 | Abyss:2  | Noticed an orange demon
    79 | Abyss:2  | Noticed a vampire
    96 | Abyss:2  | Noticed a raiju
   128 | Abyss:2  | Noticed a wretched star
   131 | Abyss:2  | Noticed a large abomination
   145 | Abyss:2  | Noticed a small abomination
   195 | Abyss:2  | Noticed a small abomination
   227 | Abyss:2  | Noticed a neqoxec
   227 | Abyss:2  | Slain by an ufetubus

Levels and vault maps discovered:
Abyss:2:  minivault_13, minivault_13, minivault_19

Action                   || total
-------------------------++-------
Melee: Hand axe          ||     2
  Use: Scroll            ||     1
       Potion            ||     1
Armor: Leather armour    ||     8
Dodge: Dodged            ||    21

Table legend:
 A = Non-vault XP
 B = Vault XP
 C = Vault XP percentage of total XP
 D = Non-vault monster count
 E = Vault monster count
 F = Vault count percentage of total count
                 A         B        C        D         E       F
            +---------+---------+-------+---------+---------+-------
      Total |       0 |       0 |   N/A |       0 |       0 |  -nan
            +---------+---------+-------+---------+---------+-------
            +---------+---------+-------+---------+---------+-------
